 Dungeon Crawl Stone Soup version 0.28-a0-1374-ga75cb3825e (webtiles) character file.

Game seed: 13174059293608225957

4841 browni3141 the Tainter (level 10, 0/66 HPs)
             Began as an Octopode Venom Mage on Jan 1, 2022.
             Was a Believer of Vehumet.
             Slain by a water moccasin (6 damage)
             ... on level 8 of the Dungeon.
             The game lasted 00:24:21 (12044 turns).

browni3141 the Tainter (Octopode Venom Mage)       Turns: 12044, Time: 00:24:22

Health: 0/66       AC:  1    Str: 19    XL:     10   Next: 49%
Magic:  9/14       EV: 14    Int: 26    God:    Vehumet [**....]
Gold:   586        SH:  5    Dex: 12    Spells: 2/15 levels left

rFire   + . .      SeeInvis .   z - +5 spear of Diadein {vorpal, Str+5 Int+4}
rCold   . . .      Faith    .   A - +1 buckler
rNeg    . . .      Spirit   .   (helmet restricted)
rPois   .          Reflect  .   B - amulet of regeneration
rElec   .          Harm     .   m - ring of protection from fire
rCorr   .          Rampage  .   C - +6 ring of strength
Will    .....                   (no ring)
Stlth   +++++.....              (no ring)
HPRegen 1.01/turn               (no ring)
MPRegen 0.14/turn               (no ring)
                                (no ring)
                                (no ring)

@: lethally poisoned (0 -> -11)
A: almost no armour, amphibious, 8 rings, camouflage 1, gelatinous body 1,
(nimble swimmer 1), tentacles
a: Renounce Religion


You were on level 8 of the Dungeon.
You worshipped Vehumet.
Vehumet was pleased with you.
You visited 2 branches of the dungeon, and saw 9 of its levels.
You also visited: Bailey.

You collected 586 gold pieces.

Inventory:

Hand Weapons
 b - a +1 whip
 h - a +1 dagger of pain
 t - a +2 dagger of venom
 w - a +1 whip of draining
 x - a +0 whip of freezing
 z - the +5 spear of Diadein (weapon) {vorpal, Str+5 Int+4}
   (You found it on level 7 of the Dungeon)

   It inflicts extra damage upon your enemies.
   Str:       It affects your strength (+5).
   Int:       It affects your intelligence (+4).
 H - the +6 hand axe "Inkihuta" {vorpal, Stlth+}
   (You took it off an orc warrior in a bailey)

   It inflicts extra damage upon your enemies.
   Stlth:     It makes you more stealthy.
Missiles
 c - 219 stones
 d - 13 curare-tipped darts (quivered)
 G - 8 datura-tipped darts
Armour
 A - a +1 buckler (worn)
Jewellery
 g - an amulet of faith
 m - a ring of protection from fire (left tentacle)
 B - an amulet of regeneration (around mantle)
 C - a +6 ring of strength (right tentacle)
Wands
 k - a wand of polymorph (2)
 y - a wand of acid (12)
 E - a wand of mindburst (6)
Scrolls
 a - 2 scrolls of blinking
 e - 3 scrolls of enchant weapon
 f - 3 scrolls of magic mapping
 j - 3 scrolls of teleportation
 l - a scroll of immolation
 n - 2 scrolls of vulnerability
 o - a scroll of amnesia
 q - 2 scrolls of enchant armour
 s - a scroll of noise
 v - a scroll of holy word {unknown}
 D - 2 scrolls of fear {unknown}
Potions
 i - a potion of berserk rage
 p - a potion of attraction
 r - a potion of might {unknown}
 u - 3 potions of curing
 F - 2 potions of heal wounds {unknown}


   Skills:
 + Level 5.2 Fighting
 + Level 5.5 Dodging
 + Level 8.1 Stealth
 + Level 2.1 Shields
 - Level 3.0 Spellcasting
 - Level 2.0 Conjurations
 - Level 1.0 Transmutations
 - Level 2.0 Air Magic
 * Level 12.0 Poison Magic
 + Level 5.6 Evocations


You had 2 spell levels left.
You knew the following spells:

 Your Spells              Type           Power      Damage    Failure   Level
a - Sting                 Tmut/Pois      100%       1d8       1%          1
b - Poisonous Vapours     Pois/Air       80%        N/A       1%          2
c - Mephitic Cloud        Conj/Pois/Air  31%        N/A       4%          3
d - Olgreb's Toxic Radia  Pois           60%        N/A       1%          4
e - Call Imp              Summ           3%         N/A       19%         2
f - Foxfire               Conj/Fire      36%        2x1d5     8%          1

Your spell library contained the following spells:

 Spells                   Type           Power      Damage    Failure   Level
 Static Discharge         Conj/Air       14%        N/A       8%          2
 Magic Dart               Conj           56%        1d5       5%          1
 Slow                     Hex            12%        N/A       12%         1
 Confusing Touch          Hex            3%         N/A       34%         3
 Ozocubu's Armour         Ice            3%         N/A       34%         3
 Vampiric Draining        Necr           3%         2d6       34%         3
 Ozocubu's Refrigeration  Ice            1%         4d5       100%        7


Dungeon Overview and Level Annotations

Branches:
Dungeon (8/15)             Temple (1/1) D:4          Bailey (visited)
   Lair: D:8-11

Altars:
Ashenzari
Cheibriados
Dithmenos
Elyvilon
Fedhas
Gozag
Hepliaklqana
Kikubaaqudgha
Makhleb
Nemelex Xobeh
Okawaru
Qazlal
Ru
Sif Muna
Trog
Uskayaw
Vehumet
Wu Jian
Xom
Yredelemnul
Zin
The Shining One

Annotations:
D:5 exclusion: door
D:8 exclusion: door


Innate Abilities, Weirdness & Mutations

You cannot wear most types of armour.
You are amphibious.
You can wear up to eight rings at the same time.
Your skin changes colour to match your surroundings (Stealth+).
Your rubbery body absorbs attacks. (AC +1, EV +1)
((You are camouflaged when in or above water. (Stealth+)))
You have tentacles for arms and can constrict up to eight enemies at once.


Message History

The orc closely misses you. The water moccasin bites you!
You are more poisoned.
The water moccasin poisons you!
Unknown command.
You hit the orc.
You kill the orc!
Vehumet accepts your kill.
You feel less confused.
You feel very sick. The water moccasin bites you!
* * * LOW HITPOINT WARNING * * *
You block the water moccasin's attack.
You hit the water moccasin. Your grab misses the water moccasin.
The water moccasin is almost dead.
You feel very sick.
The water moccasin completely misses you.
Unknown command.
You miss the water moccasin. Your grab misses the water moccasin.
Your squeeze misses the water moccasin.
The water moccasin is almost dead.
You feel sick.
The water moccasin barely misses you. x2
Unknown command.
You miss the water moccasin. Your grab misses the water moccasin.
Your squeeze misses the water moccasin.
The water moccasin is almost dead.
You feel sick. The water moccasin closely misses you.
Unknown command.
You closely miss the water moccasin. Your grab misses the water moccasin.
The water moccasin is almost dead.
You feel sick. The water moccasin barely misses you.
The water moccasin misses you.
Unknown command.
You completely miss the water moccasin. Your grab misses the water moccasin.
Your squeeze misses the water moccasin.
The water moccasin is almost dead.
You feel sick. The water moccasin bites you!
* * * LOW HITPOINT WARNING * * *
You are lethally poisoned!
The water moccasin poisons you! The water moccasin bites you.
You die...

########### #.........#
#.........#
#........[#######
#...............#
**#######....[..........#
*,.........(............#
*,.......S@.............#
*,.......).......<......#
*,......................#
*,.....))#######........###
**###..#)* ##._..._.....
*#..#)* ##............
#...#.* #.....8.._[...
#.***,* #.............
*,*,,,* #..._.........


You could see a water moccasin.

Vanquished Creatures
  Pikel (D:6)
  Prince Ribbit (D:7)
  4 yaks (D:7)
  A wyvern (D:8)
  A steam dragon (D:6)
  Menkaure (D:7)
  A water moccasin (D:7)
  3 orc warriors (Bailey)
  2 sky beasts
  A black bear (D:6)
  A necrophage (D:7)
  2 ogres
  A lemure (D:6)
  A phantom (D:4)
  9 kobold brigands
  A gnoll sergeant (D:7)
  3 scorpions
  2 bullfrogs (D:7)
  A water moccasin skeleton (D:6)
  4 wights (D:7)
  A howler monkey (D:6)
  A bullfrog zombie (D:5)
  2 centaur zombies (D:7)
  A gnoll shaman (D:6)
  4 orc priests
  4 jellies
  Jessica (D:3)
  A bullfrog skeleton (D:7)
  A centaur skeleton (D:6)
  5 iguanas
  4 orc wizards
  A killer bee zombie (D:8)
  A hound skeleton (D:4)
  8 gnolls
  3 adders
  A white imp (D:8)
  An ufetubus (D:6)
  5 worms
  2 dart slugs
  21 orcs
  7 endoplasms
  3 giant cockroaches
  9 goblins
  7 hobgoblins
  5 quokkas
  5 ball pythons
  8 bats
  5 frilled lizards
  20 kobolds
  A quokka skeleton (D:4)
  4 rats
183 creatures vanquished.

Vanquished Creatures (others)
  6 foxfires (D:8)
6 creatures vanquished.

Grand Total: 189 creatures vanquished

Notes
Turn   | Place    | Note
-------+----------+-------------------------------------------
     0 | D:1      | browni3141 the Octopode Venom Mage began the quest for the
                  | Orb.
     0 | D:1      | Reached XP level 1. HP: 11/11 MP: 3/3
   163 | D:1      | Reached skill level 4 in Poison Magic
   335 | D:1      | Found a faded altar of an unknown god.
   347 | D:1      | Reached XP level 2. HP: 16/17 MP: 0/5
   686 | D:1      | Learned a level 2 spell: Poisonous Vapours
  1231 | D:2      | Reached skill level 5 in Poison Magic
  1231 | D:2      | Reached XP level 3. HP: 21/21 MP: 3/6
  1887 | D:2      | Reached XP level 4. HP: 26/27 MP: 2/7
  2344 | D:2      | Learned a level 3 spell: Mephitic Cloud
  2608 | D:3      | Noticed a kobold brigand
  2676 | D:3      | Reached skill level 6 in Poison Magic
  2762 | D:3      | Noticed Jessica
  2763 | D:3      | Noticed an ogre
  2787 | D:3      | Killed Jessica
  2803 | D:3      | Reached XP level 5. HP: 21/31 MP: 4/8
  2805 | D:3      | Reached skill level 1 in Air Magic
  2991 | D:3      | Killed an ogre
  2992 | D:3      | Reached skill level 1 in Conjurations
  3126 | D:3      | Reached XP level 6. HP: 25/36 MP: 6/10
  3339 | D:3      | Found a burning altar of Makhleb.
  4001 | D:4      | Found a staircase to the Ecumenical Temple.
  4024 | Temple   | Entered the Ecumenical Temple
  4154 | Temple   | Became a worshipper of Vehumet
  4219 | D:4      | Reached skill level 7 in Poison Magic
  4372 | D:4      | Found a broken altar of Ashenzari.
  4423 | D:4      | Learned a level 4 spell: Olgreb's Toxic Radiance
  4535 | D:4      | Found a shadowy altar of Dithmenos.
  4867 | D:4      | Found an ancient bone altar of Kikubaaqudgha.
  4971 | D:4      | Found a white marble altar of Elyvilon.
  5337 | D:5      | Entered Level 5 of the Dungeon
  5421 | D:5      | Reached XP level 7. HP: 41/41 MP: 4/11
  5611 | D:5      | Found a blossoming altar of Fedhas.
  5744 | D:5      | Found a snail-covered altar of Cheibriados.
  5758 | D:5      | Reached skill level 8 in Poison Magic
  5881 | D:5      | Reached skill level 1 in Fighting
  5881 | D:5      | Reached skill level 1 in Evocations
  5958 | D:5      | Noticed a moth of wrath
  5960 | D:5      | Found a bloodstained altar of Trog.
  6508 | D:6      | Noticed a steam dragon
  6927 | D:5      | Learned a level 2 spell: Call Imp
  7618 | D:6      | Reached XP level 8. HP: 31/50 MP: 7/12
  7788 | D:6      | Noticed Pikel
  7809 | D:6      | Killed Pikel
  7810 | D:6      | Reached skill level 5 in Stealth
  7810 | D:6      | Reached skill level 9 in Poison Magic
  8208 | D:6      | Reached XP level 9. HP: 50/57 MP: 13/13
  8266 | D:6      | Reached * piety under Vehumet
  8266 | D:6      | Offered knowledge of Foxfire by Vehumet.
  8267 | D:6      | Reached skill level 10 in Poison Magic
  8866 | D:7      | Noticed Menkaure
  8868 | D:7      | Killed Menkaure
  8877 | D:7      | Identified the +5 spear of Diadein {vorpal, Str+5 Int+4}
  9608 | D:7      | Noticed Prince Ribbit
  9613 | D:7      | Killed Prince Ribbit
  9614 | D:7      | Reached skill level 11 in Poison Magic
  9618 | D:7      | Reached skill level 5 in Dodging
  9820 | D:7      | Reached XP level 10. HP: 57/65 MP: 14/14
  9873 | D:7      | Reached skill level 5 in Evocations
 10786 | D:7      | Reached skill level 1 in Shields
 11248 | D:8      | Found a shimmering altar of Xom.
 11248 | D:8      | Found a shimmering blue altar of Sif Muna.
 11248 | D:8      | Found a basalt altar of Yredelemnul.
 11248 | D:8      | Found a sparkling altar of Nemelex Xobeh.
 11253 | D:8      | Found a hazy altar of Hepliaklqana.
 11374 | D:8      | Learned a level 1 spell: Foxfire
 11412 | D:8      | Noticed a two-headed ogre
 11430 | D:8      | Found a flagged portal.
 11437 | Bailey   | Entered a bailey
 11449 | Bailey   | Offered knowledge of Static Discharge by Vehumet.
 11454 | Bailey   | Reached ** piety under Vehumet
 11460 | Bailey   | Reached skill level 5 in Fighting
 11675 | Bailey   | Identified the +6 hand axe "Inkihuta" {vorpal, Stlth+}
 11809 | Bailey   | Found a burning altar of Makhleb.
 12030 | D:8      | Reached skill level 12 in Poison Magic
 12044 | D:8      | Slain by a water moccasin

Illustrated notes

Levels and vault maps discovered:
D:1:      ebering_trefoil_3fold, layout_loops_ring,
          shapermc_ecumenical_altar_notcrosses, chequers_jeans
D:2:      minmay_wonky_spiral, layout_basic
D:3:      layout_basic, lightli_temple_of_fire, st_stairs_6,
          hangedman_glass_teeth, grunt_ministairs_11, dk_noncrumbling_2,
          kennysheep_pointless_box, uniq_jessica
D:4:      layout_loops_corners, nicolae_elyvilon_peaceful_grove,
          lemuel_crystal_altar, nicolae_dithmenos_the_darkroom,
          mainiacjoe_overflow_six_doors_small, minmay_temple_entry_stoned_glass
D:5:      layout_cave_pools, mainiacjoe_overflow_brackets, tgw_trog,
          mainiacjoe_overflow_concentric_impassable, serial_column_ruins,
          column_ruins_open_small, column_ruins_grid_3, column_ruins_grid_1
D:6:      layout_basic, st_stairs_1, uniq_pikel
D:7:      layout_loops_corners, uniq_menkaure, uniq_prince_ribbit1
D:8:      minmay_bubble_buster, layout_basic, grunt_temple_overflow_open,
          enter_bailey_2
Temple:   nicolae_temple_figure_zero

Skill      XL: |  1  2  3  4  5  6  7  8  9 10 |
---------------+-------------------------------+-----
Poison Magic   | 4 5 6 7 8 9 11 12 | 12.0
Air Magic      | 1 2 |  2.0
Conjurations   | 1 2 |  2.0
Spellcasting   | 3 |  3.0
Stealth        | 4 5 7 8 |  8.1
Fighting       | 1 3 4 5 |  5.2
Evocations     | 2 3 4 5 |  5.6
Dodging        | 3 5 |  5.5
Shields        | 2 |  2.1
Transmutations | |  1.0

Action                   |  1- 3 |  4- 6 |  7- 9 | 10-12 || total
-------------------------+-------+-------+-------+-------++-------
Melee: Whip              |    25 |    19 |    29 |       ||    73
       Constrict         |     7 |     4 |    28 |     9 ||    48
       Tentacles         |     1 |     2 |    37 |    14 ||    54
       Dagger            |       |       |    63 |       ||    63
       Spear             |       |       |    61 |    73 ||   134
Throw: Dart              |       |       |       |     4 ||     4
 Cast: Sting             |    57 |    67 |    17 |       ||   141
       Poisonous Vapours |       |     9 |     5 |     3 ||    17
       Mephitic Cloud    |       |     1 |     6 |     8 ||    15
       Olgreb's Toxic Ra |       |     1 |    13 |    12 ||    26
       Call Imp          |       |       |     2 |     3 ||     5
       Foxfire           |       |       |       |     3 ||     3
Evoke: Wand              |       |       |     7 |     3 ||    10
  Use: Scroll            |     1 |       |       |     9 ||    10
       Potion            |       |       |       |     3 ||     3
 Stab: Sleeping          |     1 |     1 |     5 |     3 ||    10
       Confused          |       |       |     2 |     4 ||     6
       Distracted        |       |       |       |     2 ||     2
Armor: Skin              |     3 |     7 |     5 |     1 ||    16
Dodge: Dodged            |    23 |    30 |    80 |    26 ||   159
Block: Buckler           |       |       |     1 |     8 ||     9

Table legend: (Time is in decaauts)
 A = Elapsed time spent in this place.
 B = Non-inter-level travel time spent in this place.
 C = Inter-level travel time spent in this place.
 D = Time resting spent in this place.
 E = Time spent auto-exploring this place.
 F = Levels seen in this place.
 G = Mean time per level.
                   A        B        C        D        E       F      G
               +--------+--------+--------+--------+--------+-----+--------+
         Total |  12102 |  11474 |    628 |   1318 |   7898 |  10 | 1210.2 |
       Dungeon |  11500 |  10881 |    619 |   1114 |   7704 |   8 | 1437.5 |
        Temple |    143 |    134 |      9 |      0 |    113 |   1 |  143.0 |
        Bailey |    459 |    459 |      0 |    204 |     81 |   1 |  459.0 |
               +--------+--------+--------+--------+--------+-----+--------+

Top non-repeatable levels by time:
     D:7: 2308 daAuts
     D:3: 1980 daAuts
     D:4: 1633 daAuts
     D:6: 1476 daAuts
     D:5: 1401 daAuts
     D:1: 1275 daAuts
     D:2: 1072 daAuts
  Bailey: 459 daAuts
     D:8: 351 daAuts
  Temple: 143 daAuts
